Map: Lost and Found LE

Players

Seither

  • Race: Terran Terran
  • Spawn Location: 7:00

Bly - Winner!

  • Race: Zerg Zerg
  • Spawn Location: 1:00

Event: WCS Austin 2018

VOD

Have the link to the VOD?

Description

Time

  • Played on: June 1, 2018, 10:34 p.m.
  • Length: 9:53

All games in this series

Show
View Real Time Build Order
Export as new Build Order

Seither Terran 

Build Orders: Reaper Expand, Hellion Banshee 

Get SALT Encoding   

  12  0:00  SCV  
  13  0:12  SCV  
  14  0:17  Supply Depot  
  14  0:25  SCV  
  15  0:38  SCV  
  15  0:41  Barracks  
  16  0:45  Refinery  
  16  0:50  SCV  
  17  1:03  SCV  
  18  1:15  SCV  
  19  1:30  Orbital Command  
  19  1:31  Reaper  
  20  1:39  Command Center  
  20  1:50  Supply Depot  
  20  1:56  SCV  
  21  2:03  Marine  
  22  2:09  Factory  
  22  2:12  SCV  
  23  2:21  Refinery  
  23  2:23  Barracks Reactor  
  23  2:24  SCV  
  23  2:36  SCV  
  23  2:39  Supply Depot  
  23  2:48  SCV  
  24  2:58  Starport  
  23  3:07  SCV  
  23  3:08  Hellion x2  
  23  3:09  Barracks Tech Lab  
  28  3:19  SCV  
  29  3:31  Hellion x2, SCV  
  29  3:33  Orbital Command  
  34  3:44  Cloaking Field, SCV  
  37  3:48  Banshee  
  34  3:55  Cyclone  
  34  3:56  Hellion, SCV  
  36  4:05  SCV  
  36  4:08  SCV  
  27  4:26  SCV  
  27  4:35  SCV  
  27  4:38  SCV  
  27  4:47  SCV  
  27  4:50  SCV  
  27  4:51  Hellion x2  
  33  4:59  SCV  
  34  5:02  Banshee, SCV  
  38  5:11  SCV  
  39  5:14  SCV  
  39  5:18  Barracks Tech Lab  
  44  5:24  SCV  
  44  5:26  SCV  
  42  5:33  Command Center  
  42  5:36  SCV  
  42  5:38  Stimpack, Marine, SCV  
  45  5:48  Factory Reactor, SCV  
  46  5:50  SCV  
  47  6:00  SCV  
  47  6:01  Marine  
  47  6:03  SCV  
  50  6:06  Barracks  
  50  6:07  Barracks  
  50  6:10  Supply Depot  
  50  6:12  SCV  
  50  6:15  Starport Reactor, SCV  
  52  6:19  Marine  
  52  6:22  Engineering Bay  
  52  6:23  Engineering Bay  
  52  6:24  SCV  
  54  6:32  SCV  
  55  6:33  Supply Depot  
  55  6:36  SCV  
  56  6:40  Marine  
  56  6:41  Siege Tank  
  56  6:44  SCV  
  56  6:46  Orbital Command  
  61  6:47  Supply Depot  
  61  6:48  SCV  
  62  6:56  SCV  
  63  7:02  Marine x2, SCV  
  63  7:03  Terran Infantry Weapons Level 1, Terran Infantry Armor Level 1  
  63  7:08  SCV  
  67  7:10  Marine  
  67  7:11  Medivac x2  
  72  7:18  SCV x2  
  72  7:21  Refinery x2, Supply Depot  
  68  7:28  Marine x4  
  72  7:30  Siege Tank  
  70  7:47  Marine x3  
  70  7:50  SCV x2  
  72  7:52  Marine x2  
  73  8:02  Siege Tank  
  76  8:06  Marine  
  71  8:17  Marine x3  
  71  8:18  Marine  
  72  8:21  SCV x2  
  72  8:22  SCV  
  72  8:24  Marine  
  72  8:25  Medivac  
  77  8:30  Medivac  
  76  8:34  Orbital Command  
  76  8:35  Marine x2  
  76  8:39  Marine x2  
  76  8:40  SCV  
  76  8:41  SCV  
  80  8:45  Supply Depot  
  80  8:47  Marine  
  80  8:48  Siege Tank  
  84  8:51  Barracks x2  
  84  8:52  Armory, SCV  
  85  9:02  Supply Depot, Missile Turret  
  85  9:03  Supply Depot  
  85  9:05  Marine  
  85  9:07  Marine, SCV  
  87  9:11  SCV  
  87  9:12  SCV  
  87  9:14  Marine, Missile Turret  
  87  9:15  Marine x2  
  92  9:19  SCV  
  92  9:23  Marine, SCV  
  94  9:29  Marine  
  83  9:32  Marine x2  
  83  9:33  Marine  
Show
View Real Time Build Order
Export as new Build Order

Bly Zerg - Winner!

Build Orders: Pool First 

Get SALT Encoding   

  12  0:01  Drone  
  13  0:12  Overlord  
  13  0:18  Drone  
  14  0:32  Drone x2  
  16  0:41  Spawning Pool  
  15  0:44  Drone  
  15  0:48  Drone  
  17  1:08  Hatchery  
  16  1:13  Drone  
  16  1:18  Drone  
  18  1:20  Extractor  
  17  1:28  Zergling x4  
  19  1:33  Queen  
  19  1:39  Overlord  
  21  1:49  Drone  
  22  1:55  Roach Warren  
  22  2:00  Drone  
  22  2:09  Queen  
  24  2:18  Drone  
  25  2:23  Drone x2  
  27  2:38  Roach  
  27  2:39  Roach  
  27  2:42  Roach x2  
  35  2:50  Overlord  
  33  3:06  Drone x3  
  33  3:07  Overlord  
  33  3:08  Overlord  
  33  3:09  Drone  
  37  3:13  Ravager  
  37  3:16  Drone x2  
  37  3:19  Ravager  
  41  3:22  Drone x2  
  41  3:25  Drone  
  44  3:30  Drone x2  
  44  3:32  Drone  
  47  3:41  Queen  
  49  3:44  Drone x2  
  49  3:45  Drone  
  52  3:58  Drone x2  
  54  4:05  Overlord  
  54  4:14  Drone  
  54  4:15  Drone  
  54  4:23  Drone x2  
  54  4:25  Drone x2  
  54  4:28  Extractor  
  55  4:38  Hatchery  
  51  4:40  Drone x4, Queen  
  51  4:41  Drone  
  51  4:42  Spore Crawler  
  51  4:44  Lair  
  54  4:45  Spore Crawler  
  54  4:48  Metabolic Boost  
  53  5:00  Extractor  
  53  5:02  Drone x6, Extractor  
  57  5:11  Overlord  
  57  5:14  Drone x2  
  57  5:15  Drone  
  57  5:16  Drone x2  
  57  5:18  Evolution Chamber  
  57  5:20  Overlord  
  61  5:26  Overlord  
  60  5:40  Overlord  
  60  5:43  Glial Reconstitution  
  60  5:46  Zerg Ground Armor Level 1  
  60  5:47  Infestation Pit  
  59  5:50  Overseer  
  59  5:58  Drone  
  59  5:59  Drone x8  
  59  6:00  Queen  
  72  6:09  Roach x4  
  72  6:10  Roach  
  82  6:14  Spore Crawler  
  82  6:18  Roach x3  
  87  6:21  Roach x2  
  87  6:22  Roach  
  93  6:26  Hive  
  93  6:27  Overlord  
  93  6:29  Extractor x2  
  89  6:43  Hatchery  
  89  6:44  Drone x3  
  89  6:45  Drone x3  
  94  6:49  Infestor  
  94  6:53  Drone  
  94  6:54  Drone x5  
  96  7:02  Drone x7  
  100  7:09  Overlord  
  100  7:12  Overlord  
  99  7:20  Drone  
  99  7:21  Overlord  
  99  7:26  Overlord  
  99  7:30  Roach  
  99  7:34  Roach x2  
  105  7:37  Overlord  
  103  7:50  Roach x2  
  103  7:51  Roach x6, Ultralisk Cavern  
  117  7:57  Drone x3  
  117  8:09  Drone x3  
  118  8:14  Overlord  
  118  8:16  Evolution Chamber  
  118  8:19  Roach x6  
  129  8:20  Roach x2  
  129  8:24  Overlord  
  129  8:26  Drone  
  130  8:27  Overlord, Extractor  
  121  8:43  Ultralisk x2  
  121  8:44  Ultralisk  
  121  8:47  Drone x3  
  142  8:51  Drone x4  
  146  9:09  Ultralisk x2  
  158  9:13  Ravager x2  
  158  9:16  Ravager  
  161  9:18  Zergling x2  
  161  9:19  Zergling x20  
  161  9:21  Overlord  
  140  9:39  Drone x2  
  140  9:40  Drone  
Tags
 
Add a new tag
Caveats
  • Supply blocks, unpowered buildings, or Contaminate may cause inaccurate times.
  • Supply counts are checked every 10 seconds.